 Dungeon Sprint DCSS version 0.30-a0-137-gd8773701ce (webtiles) character file.

Game seed: 17685636060609416437

672 Pilot the Shield-Bearer (level 7, -2/78 HPs)
             Began as a Troll Fighter on Sept 22, 2022.
             Was an Initiate of Gozag.
             Killed from afar by a deep elf knight (21 damage)
             ... with a lance of force
             ... in the Dungeon (Sprint V: "Ziggurat Sprint").
             The game lasted 00:06:16 (178 turns).

Pilot the Shield-Bearer (Troll Fighter)              Turns: 178, Time: 00:06:19

Health: -2/78      AC: 22    Str: 31    XL:     7   Next: 32%
Magic:  6/6        EV:  0    Int:  4    God:    Gozag
Gold:   504        SH: 28    Dex: 17    Spells: 6/6 levels left

rFire   + . .      SeeInvis +    D - +14 obsidian axe {vorpal, Mesm Drain Fly SInv}
rCold   + . .      Faith    .    G - +18 shield of the Gong {rElec rN+ Will+ EV-5}
rNeg    + . .      Spirit   .    j - +5 gold dragon scales
rPois   +          Reflect  .    (helmet restricted)
rElec   +          Harm     .    (no cloak)
rCorr   .          Rampage  .    (gloves unavailable)
Will    +....      NoTele   +    (boots unavailable)
Stlth   ..........               (no amulet)
HPRegen 1.03/turn                l - +6 ring of dexterity
MPRegen 0.10/turn                p - +6 ring of strength

@: gold aura, flying, mesmerised
A: large, unfitting armour, claws 3, regeneration 1, shaggy fur 1, tough skin 1
a: Renounce Religion, Potion Petition, Call Merchant, Bribe Branch


You were in the Dungeon.
You worshipped Gozag.
Gozag was pleased with you.
You visited 1 branch You collected 504 gold pieces.

Inventory:

Hand Weapons
 D - the +14 obsidian axe (weapon) {vorpal, Mesm Drain Fly SInv}
   (You found it in the Dungeon)

   It inflicts extra damage upon your enemies.
   It occasionally summons demons to assist the wielder when it strikes in
   combat.
   Its wielder is mesmerised by any visible foes.
   It cannot be unequipped while any foes are visible.
   SInv:      It lets you see invisible.
   Fly:       It grants you flight.
   Drain:     It drains your maximum health when unequipped.
 E - the +9 heavy crossbow "Sniper" {vorpal, Acc+∞ SInv}
   (You found it in the Dungeon)

   Any ammunition fired from it inflicts extra damage upon your enemies.
   Any ammunition fired from it never misses its target.
   SInv:      It lets you see invisible.
 F - the +8 storm bow {elec, penet}
   (You found it in the Dungeon)

   Any ammunition fired from it occasionally discharges a powerful burst of
   electricity upon striking a foe.
   Any ammunition fired by it passes through the targets it hits, potentially
   hitting all targets in its path until it reaches maximum range.
Armour
 a - a +0 robe
 b - a +0 kite shield
 j - +5 gold dragon scales (worn)
 G - the +18 shield of the Gong (worn) {rElec rN+ Will+ EV-5}
   (You found it in the Dungeon)

   It is deafeningly noisy when blocking attacks.
   EV:        It affects your evasion (-5).
   rElec:     It insulates you from electricity.
   rN:        It protects you from negative energy.
   Will:      It increases your willpower.
Jewellery
 k - a ring of flight
 l - a +6 ring of dexterity (left claw)
 m - a +6 ring of dexterity
 n - a +6 ring of intelligence
 o - a +6 ring of intelligence
 p - a +6 ring of strength (right claw)
 q - a +6 ring of strength
Wands
 s - a wand of mindburst (7)
 t - a wand of iceblast (7)
 u - a wand of acid (7)
Scrolls
 i - 4 scrolls of blinking
 y - 4 scrolls of amnesia
 A - 7 scrolls of butterflies
 B - 5 scrolls of identify
 C - 2 scrolls of fear
Potions
 c - 6 potions of might
 d - 10 potions of curing
 e - 10 potions of heal wounds
 f - 6 potions of haste
 g - 7 potions of magic
 h - 3 potions of berserk rage
 v - 2 potions of brilliance
 w - 2 potions of invisibility
 x - 4 potions of resistance
Miscellaneous
 r - a lightning rod (4/4)
 z - a phantom mirror
 H - a tin of tremorstones (2/2)


   Skills:
 + Level 7.1 Fighting
 * Level 5.7 Axes
 * Level 6.2 Armour
 + Level 5.8 Dodging
 + Level 7.5 Shields
 - Level 2.0 Unarmed Combat


You had 6 spell levels left.
You didn't know any spells.
Your spell library was empty.

Dungeon Overview and Level Annotations

Branches:
Dungeon (1/1)

Altars:
Ashenzari
Cheibriados
Dithmenos
Elyvilon
Fedhas
Gozag
Hepliaklqana
Kikubaaqudgha
Makhleb
Nemelex Xobeh
Okawaru
Qazlal
Ru
Sif Muna
Trog
Uskayaw
Vehumet
Wu Jian
Xom
Yredelemnul
Zin
The Shining One
Jiyva
Lugonu

Annotations:
D 1 transporter


Innate Abilities, Weirdness & Mutations

You are too large for most types of armour.
You have claws for hands.
Your natural rate of healing is unusually fast.
You are covered in fur. (AC +1)
You have tough skin. (AC +1)


Message History

The air elemental is distracted by your dazzling golden aura.
The deep elf knight is distracted by your dazzling golden aura.
You block the fire elemental's attack.
SHROANNG!
You block the fire elemental's attack.
GONNNNG!
The deep elf knight shouts!
You slice the fire elemental!!
You break out of your daze!
You destroy the fire elemental!
You miss the air elemental.
The air elemental is no longer distracted by gold.
You slash the deep elf knight! You open a gate to Pandemonium!
A demon appears!
The deep elf knight is no longer distracted by gold.
Visions of slaying the air elemental flood into your mind.
You block the air elemental's attack.
SHROANNG!
The air elemental fires a burst of electricity at you.
The stunning burst hits you but does no damage.
You suddenly lose the ability to move!
The deep elf knight hits you but does no damage.
The air elemental hits you.
The deep elf knight hits you with a +0 long sword!
* * * LOW HITPOINT WARNING * * *
The air elemental hits you but does no damage.
You can move again.
Your Fighting skill increases to level 7!
Your Armour skill increases to level 6!
You slash the air elemental!
The air elemental is almost destroyed.
You slice the deep elf knight!! You open a gate to Pandemonium!
A demon appears!
You block the air elemental's attack.
PTOANNNG!
The deep elf knight hits you but does no damage.
The air elemental fires a burst of electricity at you.
The stunning burst hits you. You resist.
* * * LOW HITPOINT WARNING * * *
The deep elf knight casts a spell at you.
The lance of force hits you!!
You die...
Your body crumbles into a pile of gold.

▓▓▓▓▓▓▓▓▓▓▓▓▓▓▓▓▓▓▓
▓.8©8.▓.8©8.▓.8©8.▓
▓.}"|.▓.))|.▓.....▓
▓..)..▓.....▓.....▓
▓.....▓..)))▓.....▓
▓..Ee.▓.....▓.....▓
▓..@$.▓.....▓..©..▓
▓.3©3.▓..©..▓▓▓▓▓▓▓
▓▓▓▓▓▓▓▓▓▓▓▓▓


You could see a deep elf knight (fast, invisible), an air elemental
(mesmerising, ally target), a friendly smoke demon (summoned) and a friendly
neqoxec (summoned).

Vanquished Creatures
  2 air elementals (D)
  A water elemental (D)
  A fire elemental (D)
  2 orc wizards (D)
  An orc (D)
7 creatures vanquished.

Notes
Turn   | Place    | Note
-------+----------+-------------------------------------------
     0 | D        | Pilot the Troll Fighter began the quest for the Orb.
     0 | D        | Reached XP level 1. HP: 22/22 MP: 0/0
     3 | D        | Found a blossoming altar of Fedhas.
     3 | D        | Found the +6 Majin-Bo {vamp, MP+6 Int+6}
     3 | D        | Found the +9 heavy crossbow "Sniper" {vorpal, Acc+∞ SInv}
     3 | D        | Found the +10 dark maul {vorpal}
     3 | D        | Found the +15 Maxwell's patent armour {-Cast -Tele rElec
                  | Will+ rCorr}
     3 | D        | Found the +18 shield of the Gong {rElec rN+ Will+ EV-5}
     3 | D        | Found the +14 obsidian axe {vorpal, Mesm Drain Fly SInv}
     3 | D        | Found the +7 great mace "Firestarter" {inner flame, rF++}
     3 | D        | Found the +6 shillelagh "Devastator" {shatter}
     3 | D        | Found the +11 plutonium sword {Contam Stlth-}
     3 | D        | Found the +8 lance "Wyrmbane" {slay drac, rPois rF+ rC+
                  | AC+3}
     3 | D        | Found the +9 sword of Zonguldrok {reap}
     3 | D        | Found the +13 scythe of Curses {drain, Drain}
     3 | D        | Found the +5 sword of Power {vorpal}
     3 | D        | Found the +7 mace of Variability {chain chaos}
     3 | D        | Found the +7 Singing Sword {vorpal, sonic wave}
     3 | D        | Found the +8 storm bow {elec, penet}
     4 | D        | Found a viscous altar of Jiyva.
     4 | D        | Found a hazy altar of Hepliaklqana.
     4 | D        | Found a transporter.
     4 | D        | Found an opulent altar of Gozag.
     4 | D        | Found an ancient bone altar of Kikubaaqudgha.
     4 | D        | Found a corrupted altar of Lugonu.
     7 | D        | Found a burning altar of Makhleb.
     8 | D        | Found a sacrificial altar of Ru.
     8 | D        | Found a stormy altar of Qazlal.
     8 | D        | Found a shimmering blue altar of Sif Muna.
     8 | D        | Found an iron altar of Okawaru.
     8 | D        | Found a bloodstained altar of Trog.
     8 | D        | Found a sparkling altar of Nemelex Xobeh.
    79 | D        | Reached XP level 2. HP: 32/32 MP: 1/1
   103 | D        | Became a worshipper of Gozag Ym Sagoz the Greedy
   112 | D        | Entered arena 2.
   112 | D        | Noticed an air elemental
   112 | D        | Noticed an air elemental
   112 | D        | Found a transporter.
   113 | D        | Paralysed by an air elemental for 1 turns
   114 | D        | Killed an air elemental
   115 | D        | Reached skill level 5 in Fighting
   115 | D        | Reached skill level 5 in Shields
   115 | D        | Reached XP level 3. HP: 22/42 MP: 2/2
   115 | D        | Reached XP level 4. HP: 26/50 MP: 3/3
   115 | D        | Reached XP level 5. HP: 30/58 MP: 4/4
   116 | D        | Killed an air elemental
   117 | D        | Reached skill level 5 in Armour
   117 | D        | Reached skill level 5 in Dodging
   117 | D        | Reached XP level 6. HP: 39/68 MP: 5/5
   148 | D        | Entered arena 3.
   148 | D        | Found a transporter.
   169 | D        | Entered arena 4.
   169 | D        | Found the amulet of Vitality {RegenMP++ Regen++}
   169 | D        | Noticed an air elemental
   169 | D        | Noticed a deep elf knight
   169 | D        | Noticed a fire elemental
   169 | D        | Noticed a water elemental
   169 | D        | Found a transporter.
   171 | D        | Paralysed by an air elemental for 1 turns
   173 | D        | Killed a water elemental
   174 | D        | Reached skill level 5 in Axes
   174 | D        | Reached XP level 7. HP: 47/76 MP: 6/6
   174 | D        | Paralysed by an air elemental for 1 turns
   177 | D        | Killed a fire elemental
   177 | D        | Paralysed by an air elemental for 1 turns
   178 | D        | Killed from afar by a deep elf knight

Illustrated notes

Levels and vault maps discovered:
D:        sprint_v [room_start, room_1, room_2, room_3, room_4, room_5, room_6,
          room_7, room_8, room_9, room_10, room_11, room_12, room_13, room_14,
          room_15, room_16, room_17, room_18, room_19, room_20, room_21,
          room_22, room_23, room_24, room_25, room_26, room_27]

Skill      XL: |  1  2  3  4  5  6  7 |
---------------+----------------------+-----
Fighting       | 4 5 6 7 |  7.1
Axes           | 2 3 4 5 |  5.7
Armour         | 3 4 5 6 |  6.2
Shields        | 3 5 6 7 |  7.5
Dodging        | 4 5 |  5.8
Unarmed Combat | |  2.0

Action                   |  1- 3 |  4- 6 |  7- 9 || total
-------------------------+-------+-------+-------++-------
Melee: Broad axe         |     2 |     7 |     5 ||    14
  Use: Potion            |     1 |       |       ||     1
Armor: Gold dragon scale |     6 |     9 |    10 ||    25
Block: Kite shield       |     3 |    12 |     9 ||    24

Table legend: (Time is in decaauts)
 A = Elapsed time spent in this place.
 B = Non-inter-level travel time spent in this place.
 C = Inter-level travel time spent in this place.
 D = Time resting spent in this place.
 E = Time spent auto-exploring this place.
 F = Levels seen in this place.
 G = Mean time per level.
                   A        B        C        D        E       F      G
               +--------+--------+--------+--------+--------+-----+--------+
         Total |    183 |    101 |     82 |      0 |      0 |   1 |  183.0 |
       Dungeon |    183 |    101 |     82 |      0 |      0 |   1 |  183.0 |
               +--------+--------+--------+--------+--------+-----+--------+

Top non-repeatable levels by time:
       D: 183 daAuts
